 Dungeon Crawl Stone Soup version 0.29-a0-1061-gbc57f8fbdb (webtiles) character file.

Game seed: 4691751959357682095

21 KleinerIrrer the Insei (level 2, -3/21 HPs)
             Began as an Octopode Monk on Aug 18, 2022.
             Killed from afar by a dart slug (5 damage)
             ... with a slug dart
             ... on level 2 of the Dungeon.
             The game lasted 00:01:34 (1238 turns).

KleinerIrrer the Insei (Octopode Monk)              Turns: 1238, Time: 00:01:35

Health: -3/21      AC:  1    Str: 10    XL:     2   Next: 87%
Magic:  2/2        EV: 14    Int: 12    God:
Gold:   90         SH:  0    Dex: 14    Spells: 1/1 levels left

rFire   . . .      SeeInvis .     - Unarmed
rCold   . . .      Faith    .   (no shield)
rNeg    . . .      Spirit   .   (helmet restricted)
rPois   .          Reflect  .   (no amulet)
rElec   .          Harm     .   (no ring)
rCorr   .          Rampage  .   (no ring)
Will    .....                   (no ring)
Stlth   +++.......              (no ring)
HPRegen 0.07/turn               (no ring)
MPRegen 0.08/turn               (no ring)
                                (no ring)
                                (no ring)

@: no status effects
A: almost no armour, amphibious, 8 rings, camouflage 1, gelatinous body 1,
(nimble swimmer 1), tentacles
a: no special abilities


You were on level 2 of the Dungeon.
You visited 1 branch of the dungeon, and saw 2 of its levels.

You collected 90 gold pieces.

Inventory:

Scrolls
 c - a scroll of amnesia {unknown}
 d - a scroll of identify {unknown}
 e - a scroll of magic mapping {unknown}
 f - a scroll of noise {unknown}
 g - 2 scrolls of blinking {unknown}
Potions
 a - a potion of ambrosia


   Skills:
 - Level 3.0 Fighting
 - Level 3.0 Dodging
 - Level 2.6 Stealth
 + Level 4.0 Unarmed Combat


You had one spell level left.
You didn't know any spells.
Your spell library contained the following spells:

 Spells                   Type           Power      Damage    Failure   Level
 Slow                     Hex            0%         N/A       32%         1
 Confusing Touch          Hex            0%         N/A       69%         3
 Vampiric Draining        Necr           0%         2d6       69%         3


Dungeon Overview and Level Annotations

Branches:
Dungeon (2/15)

Altars:

Annotations:
D:2 Sigmund


Innate Abilities, Weirdness & Mutations

You cannot wear most types of armour.
You are amphibious.
You can wear up to eight rings at the same time.
Your skin changes colour to match your surroundings (Stealth+).
Your rubbery body absorbs attacks. (AC +1, EV +1)
((You are camouflaged when in or above water. (Stealth+)))
You have tentacles for arms and can constrict up to eight enemies at once.


Message History

The kobold attacks as you move away! The kobold closely misses you.
The kobold attacks as you move away! The kobold misses you.
There is a stone staircase leading up here.
The kobold completely misses you.
You climb upwards.
Reactivating autopickup.
There is a stone staircase leading down here.
You tentacle-slap the kobold.
You kill the kobold!
Things that are here:
a +0 short sword; a kobold corpse You start resting.
HP restored.
There is a stone staircase leading down here.
You climb downwards.
Level annotation: Sigmund
There is a stone staircase leading up here.
Sigmund points at you and mumbles some strange words.
The magic dart hits you!
There is a stone staircase leading up here.
You climb upwards.
There is a stone staircase leading down here.
You start resting.
HP restored.
It was a potion of curing.
You feel better.
Okay, then.
You climb downwards.
Level annotation: Sigmund
There is a stone staircase leading up here.
Sigmund points at you and mumbles some strange words.
The magic dart hits you.
Sigmund casts a spell.
Sigmund flickers and vanishes!
Deactivating autopickup; reactivate with Ctrl-A.
You closely miss something. Your squeeze misses something. Something hits you!
Ouch! That really hurt!
* * * LOW HITPOINT WARNING * * *
The dart slug launches a dart at you. The slug dart hits you.
You die...

# #.. #.###.......#####
#.#.. #.###.#####.# ###
#.#.. #.#...#####.###..
.... #......#........#
#.. #.#.#..#.##<#####
#.#######......#.##.#
####......##.#.........#
#..?..).#.##.####.######
#.##.....w.@..###.#
#.##.##.#{##......#
...[.w....##<######
#.##.##.####.# # #. #.#
#.# #..{....# #.#
##.....## #.. #..... ##.
#..... #


You could see a dart slug.

Vanquished Creatures
  A worm (D:2)
  A ball python (D:1)
  2 bats
  An endoplasm (D:1)
  2 goblins
  4 hobgoblins (D:1)
  A frilled lizard (D:2)
  4 kobolds (D:1)
  3 rats (D:1)
19 creatures vanquished.

Notes
Turn   | Place    | Note
-------+----------+-------------------------------------------
     0 | D:1      | KleinerIrrer the Octopode Monk began the quest for the Orb.
     0 | D:1      | Reached XP level 1. HP: 16/16 MP: 1/1
     7 | D:1      | Found a faded altar of an unknown god.
   308 | D:1      | Reached XP level 2. HP: 21/21 MP: 2/2
   929 | D:2      | Reached skill level 4 in Unarmed Combat
  1009 | D:2      | Noticed Sigmund
  1238 | D:2      | Killed from afar by a dart slug

Illustrated notes

Levels and vault maps discovered:
D:1:      dpeg_arrival_arbitrary_b, layout_basic, basic_ecumenical_altar
D:2:      layout_loops_cross, kennysheep_path_1, uniq_jessica, uniq_sigmund,
          uniq_robin

Skill      XL: |  1  2 |
---------------+-------+-----
Unarmed Combat | 4 |  4.0
Fighting       | |  3.0
Dodging        | |  3.0
Stealth        | |  2.6

Action                   || total
-------------------------++-------
Melee: Unarmed           ||    37
       Constrict         ||    10
       Tentacles         ||     7
       Punch             ||     1
Throw: Stone             ||     4
  Use: Potion            ||     1
 Stab: Sleeping          ||     7
Armor: Skin              ||     2
Dodge: Dodged            ||    17

Table legend: (Time is in decaauts)
 A = Elapsed time spent in this place.
 B = Non-inter-level travel time spent in this place.
 C = Inter-level travel time spent in this place.
 D = Time resting spent in this place.
 E = Time spent auto-exploring this place.
 F = Levels seen in this place.
 G = Mean time per level.
                   A        B        C        D        E       F      G
               +--------+--------+--------+--------+--------+-----+--------+
         Total |   1237 |   1216 |     21 |    191 |    852 |   2 |  618.5 |
       Dungeon |   1237 |   1216 |     21 |    191 |    852 |   2 |  618.5 |
               +--------+--------+--------+--------+--------+-----+--------+

Top non-repeatable levels by time:
     D:1: 1081 daAuts
     D:2: 155 daAuts
